 Dungeon Crawl Stone Soup version 0.28.0 (webtiles) character file.

Game seed: 3956767241089494053

1040 crazypyro the Skirmisher (level 8, -3/111 (130) HPs)
             Began as an Ogre Wanderer on Feb 16, 2022.
             Was an Initiate of Okawaru.
             Slain by a wight (12 damage)
             ... on level 4 of the Dungeon.
             The game lasted 00:07:40 (7504 turns).

crazypyro the Skirmisher (Ogre Wanderer)            Turns: 7504, Time: 00:07:41

HP:   -3/111 (130)  AC: 11    Str: 15    XL:     8   Next: 24%
MP:   11/11         EV:  9    Int: 14    God:    Okawaru [......]
Gold: 329           SH:  0    Dex: 11    Spells: 11/12 levels left

rFire   . . .      SeeInvis +   w - +5 flail (protect)
rCold   . . .      Faith    .   (no shield)
rNeg    . . .      Spirit   .   c - +0 robe
rPois   .          Reflect  .   (helmet restricted)
rElec   .          Harm     .   b - +0 cloak
rCorr   .          Rampage  .   (gloves unavailable)
Will    .....                   (boots unavailable)
Stlth   ..........              (no amulet)
HPRegen 0.28/turn               g - ring of see invisible
MPRegen 0.12/turn               (no ring)

@: berserking, under a protective aura, heavily drained, very quick
A: large, unfitting armour, tough skin 1
a: Renounce Religion


You were on level 4 of the Dungeon.
You worshipped Okawaru.
Okawaru was noncommittal.
You visited 2 branches of the dungeon, and saw 7 of its levels.

You collected 329 gold pieces.

Inventory:

Hand Weapons
 a - a +2 spear of venom
 j - a +0 glaive of venom
 m - a +0 flail
 n - a +2 vorpal spear
 r - a +2 scythe of flaming
 w - a +5 flail of protection (weapon)
Armour
 b - a +0 cloak (worn)
 c - a +0 robe (worn)
Jewellery
 g - a ring of see invisible (left hand)
Scrolls
 d - 4 scrolls of teleportation
 l - 5 scrolls of identify
 q - a scroll of immolation {unknown}
 s - a scroll of amnesia
 u - a scroll of enchant weapon
Potions
 e - a potion of lignification
 f - 2 potions of haste {unknown}
 h - a potion of flight
 i - 3 potions of curing
 k - a potion of might {unknown}
 p - a potion of mutation {unknown}
 t - a potion of heal wounds
 v - 2 potions of brilliance {unknown}


   Skills:
 - Level 7.0 Fighting
 - Level 4.4 Maces & Flails
 * Level 6.2 Polearms
 - Level 2.0 Throwing
 - Level 1.6 Dodging
 - Level 1.0 Stealth
 - Level 2.5 Spellcasting
 - Level 1.7 Hexes


You had 11 spell levels left.
You knew the following spells:

 Your Spells              Type           Power      Damage    Failure   Level
a - Slow                  Hex            24%        N/A       11%         1

Your spell library contained the following spells:

 Spells                   Type           Power      Damage    Failure   Level
 Ensorcelled Hibernation  Hex/Ice        8%         N/A       24%         2
 Confusing Touch          Hex            6%         N/A       32%         3
 Passwall                 Tmut/Erth      0%         N/A       34%         2
 Scorch                   Fire           2%         2d5       34%         2
 Wereblood                Tmut           1%         N/A       34%         2
 Ignite Poison            Fire/Tmut/Pois 1%         N/A       56%         3
 Mephitic Cloud           Conj/Pois/Air  1%         N/A       56%         3
 Swiftness                Air            1%         N/A       56%         3
 Vampiric Draining        Necr           1%         2d6       56%         3
 Flame Wave               Conj/Fire      1%         2d4       92%         4
 Freezing Cloud           Conj/Ice/Air   0%         6-21      99%         5
 Yara's Violent Unravell  Hex/Tmut       2%         3d3       99%         5
 Summon Small Mammal      Summ           Unusable   N/A       N/A         1
 Summon Guardian Golem    Hex/Summ       Unusable   N/A       N/A         3
 Call Canine Familiar     Summ           Unusable   N/A       N/A         3
 Summon Cactus Giant      Summ           Unusable   N/A       N/A         6

Dungeon Overview and Level Annotations

Branches:
Dungeon (6/15)             Temple (1/1) D:5

Altars:
Dithmenos
Makhleb
Nemelex Xobeh
Okawaru
Uskayaw
Yredelemnul
Zin
The Shining One

Shops:
D:2 ?


Innate Abilities, Weirdness & Mutations

You are too large for most types of armour.
You have tough skin. (AC +1)


Message History

The wight hits you with a +3 scimitar.
You feel drained. The wight closely misses you.
There is a stone staircase leading up, spattered with blood here.
The wight hits you but does no damage. The wight hits you with a +2 falchion.
You climb upwards.
There is a stone staircase leading down, spattered with blood here.
You barely miss the wight. The wight hits you with a +3 scimitar!
You feel drained. The wight hits you with a +2 falchion.
You feel drained.
You are too injured to fight recklessly!
You are too injured to fight recklessly!
You are too injured to fight recklessly!
There is an escape hatch in the ceiling here.
The wight barely misses you. The wight hits you with a +2 falchion.
A mysterious force pulls you upwards. The hatch slams shut behind you.
The wight hits you with a +3 scimitar!
* * * LOW HITPOINT WARNING * * *
You feel drained.
* * * LOW HITPOINT WARNING * * *
A red film seems to cover your vision as you go berserk!
You feel yourself moving faster!
You feel mighty! The wight barely misses you.
You are too injured to fight recklessly!
You hit the wight but do no damage.
Your weapon exudes an aura of protection.
The wight barely misses you.
You sock the wight!
The wight is almost destroyed.
The wight hits you but does no damage.
You barely miss the wight.
The wight is almost destroyed.
The wight hits you with a +2 falchion.
* * * LOW HITPOINT WARNING * * *
You feel drained. The wight closely misses you.
You closely miss the wight.
The wight is almost destroyed.
The wight hits you with a +2 falchion!
* * * LOW HITPOINT WARNING * * *
You closely miss the wight.
The wight is almost destroyed.
The wight hits you with a +3 scimitar!
You die...

#.##.#.# #............# #(##.#.#
#.......#..#.# #......#
#............# ####.###
##.####†#..... #..# #..[)..##....
##.###########.##....
#.#.......###......# ########
#.#zz..............# ##......#
#.#@#####..........#
.....[#.######......##......#....
##...........###.##.....###.#####
......#.####.# #.#####...#.[#
##.####.# #.# #...........## #
##)####.# #.# #.........### #
).......# #.# #######.<.# #
############)#### #...# #
####............# #...# #


You could see 2 wights.

Vanquished Creatures
  Sigmund (D:4)
  Edmund (D:5)
  An ice beast (D:5)
  Pargi (D:3)
  Blork the orc (D:4)
  3 wights (D:5)
  A howler monkey (D:5)
  A bullfrog skeleton (D:5)
  A centaur skeleton (D:5)
  2 orc priests (D:4)
  Ijyb (D:5)
  6 gnolls
  4 adders
  A worm (D:2)
  3 dart slugs
  18 orcs
  10 bats
  6 endoplasms
  4 giant cockroaches
  8 goblins
  10 hobgoblins
  4 jackals
  5 quokkas
  6 ball pythons
  4 frilled lizards
  A kobold (D:2)
  4 rats
108 creatures vanquished.

Vanquished Creatures (collateral kills)
  An orc (D:3)
1 creature vanquished.

Grand Total: 109 creatures vanquished

Notes
Turn   | Place    | Note
-------+----------+-------------------------------------------
     0 | D:1      | crazypyro the Ogre Wanderer began the quest for the Orb.
     0 | D:1      | crazypyro set off with the following items: a +2 spear, a
                  | +0 cloak, a +0 robe; and the following spell memorised:
                  | Slow; and the following spells available to memorise:
                  | Confusing Touch
     0 | D:1      | Reached XP level 1. HP: 16/16 MP: 2/2
   133 | D:1      | Reached XP level 2. HP: 24/24 MP: 1/4
   741 | D:1      | Reached skill level 1 in Maces & Flails
   953 | D:2      | Reached skill level 1 in Dodging
   955 | D:2      | Reached XP level 3. HP: 29/31 MP: 5/5
  1084 | D:2      | Found a faded altar of an unknown god.
  1357 | D:2      | Reached XP level 4. HP: 26/39 MP: 7/7
  1541 | D:2      | Found Maew's Magic Scroll Shoppe.
  2398 | D:3      | Reached skill level 1 in Fighting
  2448 | D:3      | Reached XP level 5. HP: 24/48 MP: 6/8
  2456 | D:2      | HP: 2/48 [gnoll (7)]
  3267 | D:3      | Identified the +4 ring mail of Dishonesty {rC+ SInv}
  3301 | D:3      | Got the Papyrus of Toxins and Shape Shifting
  3630 | D:3      | Reached skill level 2 in Fighting
  3813 | D:3      | Noticed Pargi
  3858 | D:3      | Killed Pargi
  3859 | D:3      | Reached XP level 6. HP: 21/59 MP: 7/9
  4269 | D:3      | Reached skill level 3 in Fighting
  4464 | D:4      | Noticed Blork the orc
  4476 | D:4      | HP: 3/61 [poisoned by Blork the orc]
  4486 | D:4      | Killed Blork the orc
  5072 | D:4      | Noticed Sigmund
  5079 | D:4      | Killed Sigmund
  5080 | D:4      | Reached skill level 5 in Fighting
  5080 | D:4      | Reached XP level 7. HP: 46/72 MP: 10/10
  5571 | D:5      | Entered Level 5 of the Dungeon
  5604 | D:5      | Reached skill level 6 in Fighting
  5986 | D:5      | Noticed Ijyb
  5998 | D:5      | Killed Ijyb
  6153 | D:5      | Reached skill level 7 in Fighting
  6561 | D:5      | Found a staircase to the Ecumenical Temple.
  6736 | D:5      | Noticed Edmund
  6744 | D:5      | Killed Edmund
  6745 | D:5      | Reached skill level 5 in Polearms
  6745 | D:5      | Reached XP level 8. HP: 43/87 MP: 11/11
  7238 | Temple   | Entered the Ecumenical Temple
  7250 | Temple   | Became a worshipper of Warmaster Okawaru
  7504 | D:4      | Slain by a wight

Illustrated notes

Levels and vault maps discovered:
D:1:      co_arrival_hexagon_in_a_hexagon, layout_loops_ring, serial_glass,
          glass_columns_c, glass_columns_c, chequers_serial_rivers_large_a,
          amethyst_killhole, chequers_serial_rivers_small_b
D:2:      layout_loops_corners, shapermc_ecumenical_altar_starsandcircs,
          serial_shops, nicolae_diamond_shop
D:3:      layout_basic, uniq_pargi
D:4:      layout_loops_cross, uniq_sigmund, uniq_blork_the_orc
D:5:      layout_layer_cave, minmay_temple_entry_statues_fountains, uniq_edmund,
          uniq_ijyb
D:6:      layout_gridville, bloody_trog
Temple:   nicolae_temple_the_god_donut

Skill      XL: |  1  2  3  4  5  6  7  8 |
---------------+-------------------------+-----
Maces & Flails | 1 2 3 4 |  4.4
Dodging        | 1 |  1.6
Spellcasting   | 2 |  2.5
Fighting       | 1 2 5 7 |  7.0
Polearms       | 5 6 |  6.2
Throwing       | |  2.0
Stealth        | |  1.0
Hexes          | |  1.7

Action                   |  1- 3 |  4- 6 |  7- 9 || total
-------------------------+-------+-------+-------++-------
Melee: Spear             |   100 |   205 |       ||   305
       Glaive            |       |    34 |     1 ||    35
       Scythe            |       |       |    55 ||    55
       Flail             |       |       |    20 ||    20
 Cast: Slow              |     3 |     5 |       ||     8
  Use: Scroll            |     3 |     9 |       ||    12
       Potion            |       |     2 |     1 ||     3
 Stab: Sleeping          |     5 |     5 |     2 ||    12
Armor: Robe              |    27 |    63 |    32 ||   122
Dodge: Dodged            |    33 |    96 |    52 ||   181
